 Dungeon Crawl Stone Soup version 0.21.1-1-g345015f (webtiles) character file.

260 raistware the Conjurer (level 5, -1/35 HPs)
             Began as a Mummy Conjurer on Mar 31, 2018.
             Slain by an ogre
             ... wielding a cursed -1 giant club
              (17 damage)
             ... on level 4 of the Dungeon.
             The game lasted 00:16:32 (4185 turns).

raistware the Conjurer (Mummy Conjurer)             Turns: 4185, Time: 00:16:33

Health: -1/35      AC:  6    Str: 11    XL:     5   Next: 95%
Magic:  4/11       EV: 11    Int: 15    God:
Gold:   168        SH:  0    Dex: 13    Spells: 10/13 levels left

rFire    x . .     SeeInvis .   e - +1 dagger
rCold    + + .     Gourm    .   (no shield)
rNeg     + + +     Faith    .   f - +0 leather armour
rPois    ∞         Spirit   .   (no helmet)
rElec    .         Reflect  .   (no cloak)
rCorr    .         Harm     .   (no gloves)
MR       .....                  (no boots)
Stlth    ++........             (no amulet)
HPRegen  0.11/turn              i - ring of protection from cold
MPRegen  0.12/turn              c - +3 ring of protection

@: no status effects
A: no food or potions, fire vulnerability, cold resistance 1, negative energy
resistance 3, torment resistance, unbreathing
a: no special abilities


You were on level 4 of the Dungeon.
You were not hungry.

You visited 1 branch of the dungeon, and saw 4 of its levels.
You also visited: Sewer.

You collected 168 gold pieces.

Inventory:

Hand Weapons
 e - a +1 dagger (weapon)
Armour
 a - a +0 robe
 f - a +0 leather armour (worn)
Jewellery
 c - a +3 ring of protection (right hand)
 h - an uncursed ring of teleportation
 i - a ring of protection from cold (left hand)
 k - a +2 ring of protection
Scrolls
 d - 3 scrolls of identify
 g - a scroll of remove curse
Books
 b - a book of Conjurations

   Spells                             Type                      Level
   a - Magic Dart                     Conjuration                  1
   b - Searing Ray                    Conjuration                  2
   c - Dazzling Spray                 Conjuration/Hexes            3
   d - Fulminant Prism                Conjuration/Hexes            4
   e - Force Lance                    Conjuration/Translocation    4
   f - Iskenderun's Mystic Blast      Conjuration                  4


   Skills:
 - Level 1.5 Dodging
 - Level 1.5 Stealth
 + Level 4.5 Spellcasting
 * Level 5.4 Conjurations


You had 10 spell levels left.
You knew the following spells:

 Your Spells              Type           Power        Failure   Level  Hunger
a - Magic Dart            Conj           ###.         2%          1    N/A
b - Searing Ray           Conj           ###...       3%          2    N/A

Dungeon Overview and Level Annotations

Branches:
Dungeon (4/15)
 Temple: D:4-7

Altars:

Shops:
D:4 %


Innate Abilities, Weirdness & Mutations

You do not eat or drink.
Your flesh is vulnerable to fire.
You are immune to poison.
Your flesh is cold resistant. (rC+)
You are immune to negative energy. (rN+++)
You are immune to unholy pain and torment.
You can survive without breathing.


Message History

Aim: an ogre, wielding a giant club (heavily wounded)
The magic dart hits the ogre.
The ogre is heavily wounded.
Casting: Magic Dart
Confirm with . or Enter, or press ? or * to list all spells.
Aiming: Magic Dart
Press: ? - help, Shift-Dir - straight line, f/p - ogre
Aim: an ogre, wielding a giant club (heavily wounded)
The magic dart hits the ogre.
The ogre is severely wounded.
The ogre misses you.
Casting: Magic Dart
Confirm with . or Enter, or press ? or * to list all spells.
Aiming: Magic Dart
Press: ? - help, Shift-Dir - straight line, f/p - ogre
Aim: an ogre, wielding a giant club (severely wounded)
The magic dart hits the ogre.
The ogre is severely wounded.
The ogre hits you with a giant club!
You die...

#o##...####o# #.#
#.###### #.## ##.#
#O# ##.## ##..# #.#
##)###.... #.#
#######O.....< #.###
#.......##.#.# #..o#
#.....>.##.#..
###O####.......##.##.
#..@..........).....
#..####.......#.....
#... #.......#....O
#.#. #.......#.....
#. .. #.#######.....
#. #. #. #..... #. ..
...... #.##..


You could see an ogre and an orc wizard.

Vanquished Creatures
  A big kobold (Sewer)
  An orc wizard (D:4)
  A worker ant (D:4)
  A hound skeleton (D:4)
  A river rat (Sewer)
  3 adders
  3 oozes
  3 worms (D:3)
  A dart slug (D:2)
  4 leopard geckos (D:3)
  3 orcs
  7 giant cockroaches (D:3)
  4 goblins
  5 hobgoblins
  A jackal (Sewer)
  A quokka (D:2)
  A ball python (D:1)
  6 bats
  2 frilled lizards (D:2)
  7 kobolds
  9 rats
65 creatures vanquished.

Notes
Turn   | Place    | Note
-------+----------+-------------------------------------------
     0 | D:1      | raistware the Mummy Conjurer began the quest for the Orb.
     0 | D:1      | Reached XP level 1. HP: 13/13 MP: 4/4
   521 | D:1      | Reached XP level 2. HP: 12/19 MP: 1/5
  1500 | D:2      | Reached skill level 4 in Conjurations
  1500 | D:2      | Reached XP level 3. HP: 24/24 MP: 2/7
  2360 | D:3      | Reached XP level 4. HP: 30/30 MP: 4/8
  2593 | D:3      | Found a glowing drain.
  2597 | Sewer    | Entered a sewer
  2702 | Sewer    | Noticed a big kobold
  2731 | Sewer    | Found a white marble altar of Elyvilon.
  3029 | Sewer    | Learned a level 2 spell: Searing Ray
  3055 | Sewer    | Killed a big kobold
  3055 | Sewer    | Reached skill level 5 in Conjurations
  3055 | Sewer    | Reached XP level 5. HP: 27/35 MP: 0/11
  3750 | D:4      | Found Vanletoepp's Food Emporium.
  4149 | D:4      | Noticed an ogre
  4185 | D:4      | Slain by an ogre

Skill      XL: |  1  2  3  4 |
---------------+-------------+-----
Conjurations   | 4 5 |  5.4
Spellcasting   | 3 4 |  4.5
Dodging        | |  1.5
Stealth        | |  1.5

Action                   |  1- 3 |  4- 6 || total
-------------------------+-------+-------++-------
Melee: Dagger            |    40 |    51 ||    91
       Unarmed           |     4 |       ||     4
 Cast: Magic Dart        |    74 |    92 ||   166
       Searing Ray       |       |     1 ||     1
  Use: Scroll            |     5 |     3 ||     8
 Stab: Sleeping          |     1 |     1 ||     2
Armor: Chain mail        |     9 |       ||     9
       Leather armour    |    16 |    31 ||    47
Dodge: Dodged            |    38 |    63 ||   101
